 Dungeon Crawl Stone Soup version 0.23.0-3-gf3c87f2df8 (webtiles) character file.

Game seed: 15834403124209238970

3182 blaro the Cleaver (level 9, -2/79 HPs)
             Began as a Minotaur Fighter on Feb 21, 2019.
             Was an Elder of Okawaru.
             Slain by a crocodile (5 damage)
             ... on level 8 of the Dungeon.
             The game lasted 00:39:49 (7474 turns).

blaro the Cleaver (Minotaur Fighter)                Turns: 7474, Time: 00:39:50

Health: -2/79      AC: 10    Str: 25    XL:     9   Next: 64%
Magic:  8/8        EV:  5    Int:  5    God:    Okawaru [****..]
Gold:   280        SH:  0    Dex:  9    Spells: 8/8 levels left

rFire    . . .     SeeInvis +   a - +1 war axe (protect)
rCold    . . .     Gourm    .   c - +0 shield
rNeg     . . .     Faith    .   b - +1 scale mail
rPois    .         Spirit   .   (helmet restricted)
rElec    .         Reflect  .   k - scarf {cloud immunity}
rCorr    .         Harm     .   o - +0 pair of gloves
MR       .....                  (no boots)
Stlth    ..........             (no amulet)
HPRegen  0.23/turn              g - ring of see invisible
MPRegen  0.11/turn              (no ring)

@: petrifying, very slow
A: retaliatory headbutt, horns 2
a: Heroism, Renounce Religion


You were on level 8 of the Dungeon.
You worshipped Okawaru.
Okawaru was greatly pleased with you.
You were not hungry.

You visited 2 branches of the dungeon, and saw 9 of its levels.

You collected 280 gold pieces.

Inventory:

Hand Weapons
 a - a +1 war axe of protection (weapon)
 e - a +4 rapier of venom
 u - a +3 flail of protection
 z - a +6 halberd
 C - a +1 battleaxe
Armour
 b - a +1 scale mail (worn)
 c - a +0 shield (worn)
 k - a scarf of cloud immunity (worn)
 o - a +0 pair of gloves (worn)
 s - a +7 plate armour of ponderousness
 v - a +0 ring mail
Jewellery
 g - a ring of see invisible (left hand)
 n - an uncursed ring of magical power
 x - a cursed -4 ring of slaying {unknown}
 H - an uncursed ring of fire
Scrolls
 i - 8 scrolls of identify
 m - 2 scrolls of enchant armour
 q - 5 scrolls of remove curse
 t - a scroll of blinking
 y - a scroll of fog
 B - a scroll of enchant weapon
 I - 2 scrolls of amnesia
Potions
 d - a potion of might
 f - a potion of brilliance
 h - a potion of lignification {unknown}
 j - a potion of ambrosia {unknown}
 l - 2 potions of degeneration {unknown}
 p - 3 potions of berserk rage
 w - 2 potions of resistance {unknown}
 A - a potion of curing
 D - 2 potions of haste {unknown}
 J - 2 potions of mutation {unknown}
Comestibles
 r - 4 rations


   Skills:
 + Level 7.5 Fighting
 + Level 9.6 Axes
 + Level 7.7 Armour
 + Level 4.0 Dodging
 + Level 1.4 Stealth
 + Level 8.5 Shields


You had 8 spell levels left.
You didn't know any spells.
Your spell library was empty.

Dungeon Overview and Level Annotations

Branches:
Dungeon (8/15)             Temple (1/1) D:5            Lair (0/6) D:8

Altars:
Ashenzari
Cheibriados
Dithmenos
Elyvilon
Fedhas
Kikubaaqudgha
Nemelex Xobeh
Okawaru
Qazlal
Ru
Sif Muna
Trog
Uskayaw
Vehumet
Wu Jian
Yredelemnul
Zin
The Shining One


Innate Abilities, Weirdness & Mutations

You reflexively headbutt those who attack you in melee.
You have a pair of horns on your head.


Message History

You barely miss the crocodile. You slash the crocodile!
You kill the crocodile!
Okawaru accepts your kill. The basilisk bites you!
* * * LOW HITPOINT WARNING * * *
You block the porcupine's attack.
The crocodile bites you but does no damage.
You block the porcupine's attack. The basilisk bites you.
* * * LOW HITPOINT WARNING * * *
A yak comes into view.
You block the basilisk's attack.
A yak comes into view.
You block the porcupine's attack.
The yak bellows!
The yak gores you!
* * * LOW HITPOINT WARNING * * *
The basilisk gazes at you.
You are slowing down.
The crocodile bites you!
You die...

.# ≈≈$.##.#. .# #
....... .. .# ......
.##.# #..... ....# #%#.#
....# ####...#####....#
######...............#
...........@.........#
.........Ytr......####
P........rtl...†).#
..P....†.(........#
.♣.†..........#######
♣P...YY###.............#
.....P..#
#.##..........#
>......P#
#.##..........#
P.....P.#
#.............#


You could see 3 yaks, a basilisk, 2 crocodiles and 2 porcupines.

Vanquished Creatures
  Eustachio (D:6)
  A steam dragon (D:6)
  Edmund (D:4)
  Duvessa (D:5)
  A water moccasin (D:8)
  A porcupine (D:8)
  An ice beast (D:7)
  3 ogres
  2 centaurs
  2 crocodiles (D:8)
  A big kobold (D:3)
  A gnoll sergeant (D:6)
  Dowan (D:5)
  A water moccasin zombie (D:7)
  4 scorpions
  6 killer bees (D:7)
  5 wights (D:7)
  A howler monkey (D:5)
  3 crimson imps
  3 hounds
  A bullfrog zombie (D:6)
  3 jellies
  Crazy Yiuf (D:4)
  9 worker ants
  A hound skeleton (D:5)
  12 gnolls
  10 adders
  An ooze (D:3)
  An adder skeleton (D:4)
  A worm (D:3)
  2 dart slugs
  2 leopard geckos (D:3)
  12 orcs
  4 bats
  4 giant cockroaches
  8 goblins
  11 hobgoblins
  10 jackals
  2 quokkas
  5 frilled lizards
  11 kobolds
  5 rats
  2 fungi (D:4)
  2 plants (D:3)
160 creatures vanquished.

Vanquished Creatures (others)
  A big kobold (D:6)
  An orc (D:3)
  A hobgoblin (D:3)
  2 plants (D:7)
5 creatures vanquished.

Grand Total: 165 creatures vanquished

Notes
Turn   | Place    | Note
-------+----------+-------------------------------------------
     0 | D:1      | blaro the Minotaur Fighter began the quest for the Orb.
     0 | D:1      | Reached XP level 1. HP: 19/19 MP: 0/0
    48 | D:1      | Reached XP level 2. HP: 13/27 MP: 1/1
    49 | D:1      | Reached skill level 3 in Axes
   645 | D:1      | Reached XP level 3. HP: 33/33 MP: 2/2
  1270 | D:2      | Reached XP level 4. HP: 35/40 MP: 3/3
  1280 | D:2      | Reached skill level 4 in Axes
  1479 | D:2      | Found a deep blue altar of Sif Muna.
  1641 | D:3      | Reached skill level 1 in Dodging
  1790 | D:3      | Reached XP level 5. HP: 45/46 MP: 4/4
  1834 | D:3      | Reached skill level 5 in Shields
  1921 | D:3      | Reached skill level 5 in Axes
  2072 | D:3      | Reached XP level 6. HP: 39/53 MP: 5/5
  2395 | D:3      | Found a white marble altar of Elyvilon.
  2555 | D:3      | Found a faded altar of an unknown god.
  2562 | D:3      | Became a worshipper of Warmaster Okawaru
  2562 | D:3      | Reached * piety under Okawaru
  3175 | D:4      | Found a shadowy altar of Dithmenos.
  3249 | D:4      | Reached skill level 5 in Fighting
  3249 | D:4      | Reached skill level 5 in Armour
  3306 | D:4      | Found a runed translucent door.
  3307 | D:4      | Noticed Crazy Yiuf
  3308 | D:4      | Noticed Edmund
  3314 | D:4      | Killed Crazy Yiuf
  3314 | D:4      | Reached XP level 7. HP: 34/61 MP: 4/6
  3324 | D:4      | Killed Edmund
  3324 | D:4      | Reached skill level 6 in Axes
  3741 | D:5      | Entered Level 5 of the Dungeon
  3848 | D:5      | Reached ** piety under Okawaru
  4298 | D:5      | Noticed Duvessa
  4298 | D:5      | Noticed Dowan
  4299 | D:5      | Found a staircase to the Ecumenical Temple.
  4307 | D:5      | Killed Duvessa
  4307 | D:5      | Reached skill level 7 in Axes
  4307 | D:5      | Reached XP level 8. HP: 59/70 MP: 7/7
  4313 | D:5      | Killed Dowan
  4385 | Temple   | Entered the Ecumenical Temple
  4955 | D:5      | Found a sparkling altar of Nemelex Xobeh.
  5176 | D:6      | Reached *** piety under Okawaru
  5484 | D:6      | Found a shattered altar of Ashenzari.
  5727 | D:6      | Reached skill level 1 in Stealth
  5846 | D:6      | Found a hide-covered altar of Uskayaw.
  5853 | D:6      | Reached skill level 8 in Axes
  6037 | D:6      | Noticed Eustachio
  6090 | D:6      | HP: 2/70 [poisoned by Eustachio]
  6370 | D:6      | Killed Eustachio
  6689 | D:7      | Reached XP level 9. HP: 57/78 MP: 8/8
  6708 | D:7      | Reached **** piety under Okawaru
  7058 | D:7      | Found a blossoming altar of Fedhas.
  7079 | D:7      | Reached skill level 9 in Axes
  7458 | D:8      | Found a staircase to the Lair.
  7473 | D:8      | HP: 3/79 [yak (11)]
  7474 | D:8      | Slain by a crocodile

Skill      XL: |  1  2  3  4  5  6  7  8  9 |
---------------+----------------------------+-----
Axes           | 3 4 5 7 8 9 |  9.6
Shields        | 4 5 6 7 8 |  8.5
Fighting       | 4 5 6 7 |  7.5
Armour         | 4 5 6 7 |  7.7
Dodging        | 1 2 3 4 |  4.0
Stealth        | 1 |  1.4

Action                   |  1- 3 |  4- 6 |  7- 9 || total
-------------------------+-------+-------+-------++-------
Melee: War axe           |    97 |   165 |   263 ||   525
       Headbutt          |     9 |    23 |    42 ||    74
  Use: Scroll            |     8 |     3 |     5 ||    16
       Potion            |       |       |     5 ||     5
  Eat: Ration            |       |     2 |     4 ||     6
       Chunk             |       |     1 |       ||     1
Armor: Scale mail        |    72 |    50 |   208 ||   330
Dodge: Dodged            |    45 |    47 |   162 ||   254
Block: Shield            |    73 |    65 |   273 ||   411
